 Dungeon Crawl Stone Soup version 0.21.1-1-g345015fe64 (webtiles) character file.

113 Faustar the Conjurer (level 4, -7/24 HPs)
             Began as a Deep Elf Conjurer on June 7, 2018.
             Killed by divine providence
             ... invoked by an orc priest
              (15 damage)
             ... on level 3 of the Dungeon.
             The game lasted 00:05:20 (1890 turns).

Faustar the Conjurer (Deep Elf Conjurer)            Turns: 1890, Time: 00:05:22

Health: -7/24      AC:  2    Str:  5    XL:     4   Next: 65%
Magic:  3/10       EV: 13    Int: 21    God:
Gold:   127        SH:  0    Dex: 15    Spells: 6/9 levels left

rFire    . . .     SeeInvis .   n - -2 short sword (curse)
rCold    . . .     Gourm    .   (no shield)
rNeg     . . .     Faith    .   a - +0 robe
rPois    .         Spirit   .   (no helmet)
rElec    .         Reflect  .   (no cloak)
rCorr    .         Harm     .   (no gloves)
MR       .....                  (no boots)
Stlth    ++........             (no amulet)
HPRegen  0.08/turn              (no ring)
MPRegen  0.12/turn              (no ring)

@: no status effects
A: no striking features
a: no special abilities


You were on level 3 of the Dungeon.
You were not hungry.

You visited 1 branch of the dungeon, and saw 3 of its levels.

You collected 127 gold pieces.

Inventory:

Hand Weapons
 k - a +0 club
 n - a cursed -2 short sword (weapon)
Armour
 a - a +0 robe (worn)
Magical Staves
 r - an uncursed staff of wizardry {unknown}
Wands
 p - a wand of paralysis (8)
Scrolls
 d - a scroll of remove curse {unknown}
 e - a scroll of enchant weapon {unknown}
 f - 3 scrolls of teleportation {unknown}
 g - a scroll of blinking {unknown}
 h - a scroll of fog {unknown}
 m - a scroll of fear {unknown}
 q - a scroll of amnesia {unknown}
 s - a scroll of enchant armour {unknown}
Potions
 i - 2 potions of degeneration {unknown}
 l - a potion of curing {unknown}
 o - a potion of resistance {unknown}
Books
 b - a book of Conjurations

   Spells                             Type                      Level
   a - Magic Dart                     Conjuration                  1
   b - Searing Ray                    Conjuration                  2
   c - Dazzling Spray                 Conjuration/Hexes            3
   d - Fulminant Prism                Conjuration/Hexes            4
   e - Force Lance                    Conjuration/Translocation    4
   f - Iskenderun's Mystic Blast      Conjuration                  4
Comestibles
 c - 3 rations


   Skills:
 - Level 2.4 Dodging
 - Level 2.4 Stealth
 - Level 3.0 Spellcasting
 + Level 6.7 Conjurations


You had 6 spell levels left.
You knew the following spells:

 Your Spells              Type           Power        Failure   Level  Hunger
a - Magic Dart            Conj           ####         1%          1    None
b - Searing Ray           Conj           ####..       1%          2    ##.....


Dungeon Overview and Level Annotations

Branches:
Dungeon (3/15)

Altars:


Message History

Beogh smites you!
Ouch! That really hurt!
You hear a shout!
The searing ray hits the orc wizard.
You kill the orc wizard!
The orc priest looks satisfied for a moment.
The orc hits you with a flail.
* * * LOW HITPOINT WARNING * * *
An orc priest comes into view. It is wielding a short sword.
The orc priest shouts!
The orc priest miscasts a cantrip.
An orc priest comes into view. It is wielding a war axe.
The orc priest shouts!
As you read the scroll labeled JOWNEDOK JUMN, it crumbles to dust.
The creatures around you are filled with an inner flame!
It was a scroll of immolation.
The orc priest invokes the aid of Beogh against you.
Beogh smites you!
Ouch! That really hurt!
You die...

#..#o# #....# #.o### #
#..+ .. #.o+ o.. #..###
.o. ##########..o.# .. .
#...........#o#++#o#....
#..(.........o@.........
#..........##.##.#......
#..........##...........
#..........#######....##
#................#.###..
########.........# # #
#.......>.+ #.........#
#.........#


You could see 3 orc priests and 2 orcs.

Vanquished Creatures
  An orc wizard (D:3)
  3 adders
  2 worms (D:2)
  A dart slug (D:1)
  A leopard gecko (D:2)
  3 ball pythons
  3 goblins
  8 hobgoblins
  A quokka (D:3)
  5 bats
  2 frilled lizards (D:2)
  9 kobolds
  7 rats
46 creatures vanquished.

Notes
Turn   | Place    | Note
-------+----------+-------------------------------------------
     0 | D:1      | Faustar the Deep Elf Conjurer began the quest for the Orb.
     0 | D:1      | Reached XP level 1. HP: 10/10 MP: 6/6
   240 | D:1      | Reached XP level 2. HP: 12/15 MP: 5/8
   308 | D:1      | Reached skill level 5 in Conjurations
   933 | D:2      | Reached XP level 3. HP: 19/19 MP: 0/9
  1192 | D:2      | Learned a level 2 spell: Searing Ray
  1457 | D:2      | Reached skill level 6 in Conjurations
  1769 | D:3      | Reached XP level 4. HP: 24/24 MP: 8/10
  1890 | D:3      | Killed from afar by an orc priest

Skill      XL: |  1  2  3 |
---------------+----------+-----
Conjurations   | 5 6 |  6.7
Dodging        | |  2.4
Stealth        | |  2.4
Spellcasting   | |  3.0

Action                   |  1- 3 |  4- 6 || total
-------------------------+-------+-------++-------
 Cast: Magic Dart        |    87 |     5 ||    92
       Searing Ray       |     1 |     2 ||     3
  Use: Scroll            |       |     1 ||     1
  Eat: Chunk             |     2 |     1 ||     3
Armor: Robe              |     2 |       ||     2
Dodge: Dodged            |     4 |       ||     4
